 Dungeon Sprint DCSS version 0.27-a0-1291-geefcff550b (webtiles) character file.

Game seed: 15992585651198045226

18053 mhtbhm the Sorcerer (level 12, -8/64 HPs)
             Began as a Deep Elf Earth Elementalist on June 16, 2021.
             Was the Champion of Vehumet.
             Mangled by Urug (31 damage)
             ... in the Dungeon (Sprint III: "The Ten Rune Challenge").
             The game lasted 00:10:18 (2688 turns).

mhtbhm the Sorcerer (Deep Elf Earth Elementalist)   Turns: 2688, Time: 00:10:18

Health: -8/64      AC:  3    Str:  5    XL:     12   Next: 24%
Magic:  36/51      EV: 16    Int: 26    God:    Vehumet [******]
Gold:   1808       SH:  0    Dex: 21    Spells: 38/60 levels left

rFire    + + +     SeeInvis .   o - staff of earth
rCold    + . .     Faith    .   (no shield)
rNeg     + . .     Spirit   .   b - +1 robe {rC+ rF+}
rPois    +         Reflect  .   (no helmet)
rElec    +         Harm     .   (no cloak)
rCorr    .         Rampage  .   (no gloves)
Will     +....     NoTele   +   (no boots)
Stlth    ++++......             v - macabre finger necklace {rN+}
HPRegen  0.20/turn              a - ring "Batil" {rElec rF+ Dex+6}
MPRegen  0.32/turn              w - ring of wizardry
                                x - ring of magical power

@: no status effects
A: fire resistance 1, poison resistance, evolution 1
a: Renounce Religion


You were in the Dungeon.
You worshipped Vehumet.
Vehumet was exalted by your worship.
You visited 1 branch You collected 1962 gold pieces.
You spent 154 gold pieces at shops.

Inventory:

Missiles
 d - 7 curare-tipped darts (quivered)
 i - 13 stones
Armour
 b - a +1 robe of resistance (worn)
Magical Staves
 o - a staff of earth (weapon)
Jewellery
 a - the ring "Batil" (left hand) {rElec rF+ Dex+6}
   (You took it off a deep elf annihilator in the Dungeon)

   [ring of dexterity]

   It affects your dexterity (+6).
   It protects you from fire.
   It insulates you from electricity.
 t - a ring of resist corrosion
 v - the macabre finger necklace (around neck) {rN+}
   (You took it off a deep elf annihilator in the Dungeon)

   [amulet of nothing]

   It enables you to equip an extra ring.
   It protects you from negative energy.
 w - a ring of wizardry (right hand)
 x - a ring of magical power (on amulet)
Wands
 n - a wand of flame (8)
 z - a wand of acid (15)
Scrolls
 h - a scroll of blinking
 j - a scroll of torment
 m - a scroll of immolation
 q - a scroll of silence
 s - 4 scrolls of amnesia
Potions
 c - 2 potions of curing
 e - a potion of mutation
 f - 2 potions of magic
 g - a potion of berserk rage
 l - 2 potions of flight
Miscellaneous
 p - a piece from Xom's chessboard (15/15)
 A - a piece from Xom's chessboard (15/15)


   Skills:
 + Level 2.4 Fighting
 - Level 0.2 Long Blades
 + Level 5.5 Dodging
 + Level 6.9 Stealth
 + Level 24.7 Spellcasting
 + Level 3.7 Conjurations
 + Level 3.6 Transmutations
 + Level 1.1 Ice Magic
 + Level 0.6 Air Magic
 + Level 21.5 Earth Magic
 + Level 1.0 Poison Magic


You had 38 spell levels left.
You knew the following spells:

 Your Spells              Type           Power      Damage    Failure   Level
a - Sandblast             Erth           100%       2d20      0%          1
b - Passwall              Tmut/Erth      81%        N/A       0%          2
c - Stone Arrow           Conj/Erth      100%       3d13      0%          3
d - Lee's Rapid Deconstr  Erth           60%        3d29*     0%          5
e - Petrify               Tmut/Erth      98%        N/A       1%          4
f - Ice Form              Ice/Tmut       44%        N/A       1%          4
g - Mephitic Cloud        Conj/Pois/Air  41%        N/A       1%          3

Your spell library contained the following spells:

 Spells                   Type           Power      Damage    Failure   Level
 Ozocubu's Refrigeration  Ice            18%        4d8       45%         7
 Beastly Appendage        Tmut           100%       N/A       1%          1
 Magic Dart               Conj           100%       1d8       1%          1
 Blink                    Tloc           N/A        N/A       1%          2
 Call Imp                 Summ           32%        N/A       1%          2
 Ensorcelled Hibernation  Hex/Ice        70%        N/A       1%          2
 Slow                     Hex            32%        N/A       1%          2
 Wereblood                Tmut           50%        N/A       1%          2
 Conjure Flame            Conj/Fire      41%        6-21      1%          3
 Spider Form              Tmut/Pois      22%        N/A       1%          3
 Animate Armour           Summ/Erth      100%       N/A       1%          4
 Borgnjor's Vile Clutch   Necr/Erth      46%        N/A       1%          5
 Irradiate                Conj/Tmut      25%        3d21      1%          5
 Statue Form              Tmut/Erth      65%        N/A       1%          6
 Blade Hands              Tmut           25%        N/A       2%          5
 Silence                  Hex/Air        16%        N/A       11%         5
 Shadow Creatures         Summ           N/A        N/A       50%         6
 Dragon Form              Tmut           25%        N/A       58%         7
 Storm Form               Tmut/Air       21%        N/A       78%         7


Dungeon Overview and Level Annotations

Branches:
Dungeon (1/1)

Altars:
Cheibriados
Dithmenos
Elyvilon
Fedhas
Gozag
Hepliaklqana
Kikubaaqudgha
Makhleb
Nemelex Xobeh
Okawaru
Qazlal
Ru
Sif Muna
Trog
Uskayaw
Vehumet
Wu Jian
Xom
Yredelemnul
Zin
The Shining One
Beogh
Jiyva
Lugonu

Shops:
D *

Annotations:
D Urug


Innate Abilities, Weirdness & Mutations

Your flesh is heat resistant. (rF+)
Your system is resistant to poisons. (rPois)
You evolve.


Message History

Casting: Lee's Rapid Deconstruction (safe; 0% risk of failure)
Confirm with . or Enter, or press ? or * to list all spells.
Aiming: Petrify (safe; 1% risk of failure)
Press: ? - help, Shift-Dir - straight line, f - Urug
Aim: Urug, wielding a +3 vorpal double sword, wearing a +1 scale mail of willpower and quivering javelins (wandering, hasn't noticed you, chance to affect: 40%)
You feel a surge of power!
Urug shouts!
Urug resists with some effort.
Urug hits you with a +3 vorpal double sword!
Unknown command.
Casting: Petrify (safe; 1% risk of failure)
Confirm with . or Enter, or press ? or * to list all spells.
Aiming: Petrify (safe; 1% risk of failure)
Press: ? - help, Shift-Dir - straight line, f/p - Urug
Aim: Urug, wielding a +3 vorpal double sword, wearing a +1 scale mail of willpower and quivering javelins (chance to affect: 40%)
You feel a surge of power!
Urug resists with some effort.
Urug closely misses you.
Unknown command.
Casting: Petrify (safe; 1% risk of failure)
Confirm with . or Enter, or press ? or * to list all spells.
Aiming: Petrify (safe; 1% risk of failure)
Press: ? - help, Shift-Dir - straight line, f/p - Urug
Aim: Urug, wielding a +3 vorpal double sword, wearing a +1 scale mail of willpower and quivering javelins (chance to affect: 40%)
You feel a surge of power!
Urug resists with some effort.
Urug hits you with a +3 vorpal double sword!
Unknown command.
Okay, then.
Okay, then.
Okay, then.
Okay, then.
Casting: Petrify (safe; 1% risk of failure)
Confirm with . or Enter, or press ? or * to list all spells.
Aiming: Lee's Rapid Deconstruction (safe; 0% risk of failure)
Press: ? - help, Dir - move target, p - Urug A rock wall.
You feel a surge of power!
The wall shatters!
The blast of rock fragments hits Urug!!!
Urug is heavily wounded.
Urug hits you with a +3 vorpal double sword!!
You die...

.....#)..#__#...'##)#)#.##)#.)##^
.....#___#__'...#)..#..#..##..'^^
▓▓▓▓▓▓▓▓▓▓▓▓▓▓▓▓▓▓▓▓▓▓▓▓▓▓▓▓▓▓#..
♣.....♣ ♣♣≈≈≈........≈≈≈...#^.
♣.≈≈≈≈†♣♣'♣≈≈≈≈≈≈≈≈≈≈≈≈♣♣P.'..
#.≈♣♣♣♣♣♣♣♣♣♣♣♣♣♣♣♣PP#.. #..♣♣
♣♣♣##) ###'♣♣♣♣♣ #.. ♣♣♣♣.##.@##
#.. ♣..†##.##o# #.. ♣♣.##.##.##
### ♣..#.##...# ♣♣.##†##..#
♣♣.##.# ### ♣.....# #######


You could see Urug.

Vanquished Creatures
  A deep elf master archer (D)
  Harold (D)
  A deep elf demonologist (D)
  3 deep elf annihilators (D)
  A deep elf death mage (D)
  A deep elf high priest (D)
  Erolcha (D)
  A deep elf knight (D)
  Joseph (D)
  3 deep elf pyromancers (D)
  A lindwurm (D)
  2 deep elf zephyrmancers (D)
  An orc sorcerer (D)
  An orc knight (D)
  2 cane toads (D)
  A rime drake (D)
  A komodo dragon (D)
  3 wandering mushrooms (D)
  2 tyrant leeches (D)
  5 redbacks (D)
  A shadow (D)
  A spatial vortex (D)
  An orc warrior (D)
  A swamp drake (D)
  A necrophage (D)
  5 two-headed ogres (D)
  A scorpion (D)
  A water elemental (D)
  A jelly (D)
  2 orc priests (D)
  A wizard (D)
  4 orc wizards (D)
  A necromancer (D)
  3 humans (D)
  A kobold demonologist (D)
  9 orcs (D)
  2 endoplasms (D)
  2 rats (D)
71 creatures vanquished.

Vanquished Creatures (others)
  A hydra (D)
  4 plants (D)
5 creatures vanquished.

Grand Total: 76 creatures vanquished

Notes
Turn   | Place    | Note
-------+----------+-------------------------------------------
     0 | D        | mhtbhm the Deep Elf Earth Elementalist began the quest for
                  | the Orb.
     0 | D        | Reached XP level 1. HP: 10/10 MP: 6/6
    93 | D        | Reached skill level 5 in Spellcasting
    93 | D        | Reached skill level 5 in Earth Magic
    93 | D        | Reached XP level 2. HP: 10/15 MP: 1/10
   101 | D        | Learned a level 2 spell: Passwall
   116 | D        | Noticed a scorpion
   126 | D        | Killed a scorpion
   127 | D        | Reached skill level 6 in Spellcasting
   127 | D        | Reached XP level 3. HP: 14/19 MP: 0/13
   127 | D        | Reached XP level 4. HP: 17/24 MP: 0/14
   211 | D        | Gained mutation: Your magical capacity is low. (-10% MP)
                  | [potion of mutation]
   211 | D        | Gained mutation: Your flesh is heat resistant. (rF+)
                  | [potion of mutation]
   211 | D        | Gained mutation: You are partially covered in iridescent
                  | scales. (AC +2) [potion of mutation]
   211 | D        | Gained mutation: You are somewhat resistant to further
                  | mutation. [potion of mutation]
   230 | D        | Lost mutation: You are partially covered in iridescent
                  | scales. (AC +2) [potion of mutation]
   230 | D        | Lost mutation: Your magical capacity is low. (-10% MP)
                  | [potion of mutation]
   230 | D        | Lost mutation: You are somewhat resistant to further
                  | mutation. [potion of mutation]
   230 | D        | Gained mutation: Your system is resistant to poisons.
                  | (rPois) [potion of mutation]
   230 | D        | Gained mutation: You evolve. [potion of mutation]
   240 | D        | Noticed a water elemental
   243 | D        | Killed a water elemental
   244 | D        | Reached skill level 8 in Spellcasting
   244 | D        | Reached XP level 5. HP: 28/28 MP: 12/17
   248 | D        | Learned a level 3 spell: Stone Arrow
   254 | D        | Learned a level 5 spell: Lee's Rapid Deconstruction
   257 | D        | Killed a four-headed hydra
   259 | D        | Learned a level 4 spell: Petrify
   285 | D        | Found a radiant altar of Vehumet.
   285 | D        | Found a shimmering blue altar of Sif Muna.
   285 | D        | Found an ancient bone altar of Kikubaaqudgha.
   328 | D        | Became a worshipper of Vehumet
   409 | D        | Learned a level 4 spell: Ice Form
   423 | D        | Found a basalt altar of Yredelemnul.
   423 | D        | Found a shadowy altar of Dithmenos.
   423 | D        | Found a sacrificial altar of Ru.
   423 | D        | Noticed a necrophage
   424 | D        | Killed a necrophage
   425 | D        | Reached skill level 5 in Dodging
   425 | D        | Reached skill level 10 in Spellcasting
   425 | D        | Reached skill level 10 in Earth Magic
   425 | D        | Reached XP level 6. HP: 32/32 MP: 14/21
   473 | D        | Found a hide-covered altar of Uskayaw.
   473 | D        | Found an iron altar of Okawaru.
   473 | D        | Found a bloodstained altar of Trog.
   473 | D        | Found an ornate altar of the Wu Jian Council.
   473 | D        | Noticed a human
   473 | D        | Noticed a human
   476 | D        | Killed a human
   476 | D        | Reached * piety under Vehumet
   476 | D        | Offered knowledge of Shock by Vehumet.
   477 | D        | Reached skill level 5 in Stealth
   477 | D        | Reached skill level 11 in Spellcasting
   477 | D        | Killed a human
   478 | D        | Reached skill level 12 in Spellcasting
   478 | D        | Reached XP level 7. HP: 36/36 MP: 3/24
   586 | D        | Found a glowing silver altar of Zin.
   586 | D        | Found a glowing golden altar of the Shining One.
   586 | D        | Found a white marble altar of Elyvilon.
   586 | D        | Noticed a deep elf pyromancer
   588 | D        | Killed a deep elf pyromancer
   589 | D        | Reached skill level 13 in Spellcasting
   657 | D        | Reached ** piety under Vehumet
   657 | D        | Offered knowledge of Poisonous Vapours by Vehumet.
   657 | D        | Noticed a shadow
   658 | D        | Reached XP level 8. HP: 42/42 MP: 21/27
   659 | D        | Reached skill level 14 in Spellcasting
   715 | D        | Found a blossoming altar of Fedhas.
   715 | D        | Found a stormy altar of Qazlal.
   715 | D        | Found a snail-covered altar of Cheibriados.
   715 | D        | Found a burning altar of Makhleb.
   715 | D        | Found a shimmering altar of Xom.
   722 | D        | Found a hazy altar of Hepliaklqana.
   722 | D        | Found an opulent altar of Gozag.
   722 | D        | Found a sparkling altar of Nemelex Xobeh.
   722 | D        | Found a corrupted altar of Lugonu.
   722 | D        | Found a viscous altar of Jiyva.
   777 | D        | Reached *** piety under Vehumet
   778 | D        | Reached skill level 15 in Spellcasting
   891 | D        | Noticed a two-headed ogre
   895 | D        | Killed a two-headed ogre
   895 | D        | Offered knowledge of Dazzling Flash by Vehumet.
   994 | D        | Noticed a two-headed ogre
   994 | D        | Noticed Erolcha
  1003 | D        | Reached skill level 16 in Spellcasting
  1004 | D        | Killed a two-headed ogre
  1004 | D        | Reached **** piety under Vehumet
  1005 | D        | Reached skill level 1 in Fighting
  1005 | D        | Reached skill level 15 in Earth Magic
  1005 | D        | Reached XP level 9. HP: 23/47 MP: 13/31
  1014 | D        | Killed Erolcha
  1015 | D        | Reached skill level 17 in Spellcasting
  1194 | D        | Noticed a wandering mushroom
  1198 | D        | Noticed a wandering mushroom
  1200 | D        | Killed a wandering mushroom
  1200 | D        | Offered knowledge of Hailstorm by Vehumet.
  1201 | D        | Reached skill level 18 in Spellcasting
  1202 | D        | Noticed a wandering mushroom
  1207 | D        | Killed a wandering mushroom
  1211 | D        | Killed a wandering mushroom
  1211 | D        | Reached ***** piety under Vehumet
  1303 | D        | Learned a level 3 spell: Mephitic Cloud
  1303 | D        | Found Waciplorch's General Store.
  1303 | D        | Noticed an orc knight
  1310 | D        | Killed an orc knight
  1311 | D        | Reached skill level 1 in Conjurations
  1311 | D        | Reached XP level 10. HP: 34/53 MP: 10/34
  1312 | D        | Noticed an orc sorcerer
  1314 | D        | Killed an orc sorcerer
  1314 | D        | Reached ****** piety under Vehumet
  1315 | D        | Reached skill level 19 in Spellcasting
  1541 | D        | Bought a potion of magic for 88 gold pieces
  1541 | D        | Bought 3 scrolls of identify for 66 gold pieces
  1554 | D        | Noticed a deep elf knight
  1554 | D        | Noticed a deep elf zephyrmancer
  1554 | D        | Noticed a deep elf pyromancer
  1554 | D        | Noticed a deep elf zephyrmancer
  1554 | D        | Noticed a deep elf pyromancer
  1563 | D        | Killed a deep elf knight
  1563 | D        | Offered knowledge of Bolt of Magma by Vehumet.
  1563 | D        | Killed a deep elf zephyrmancer
  1567 | D        | Killed a deep elf zephyrmancer
  1567 | D        | Killed a deep elf pyromancer
  1568 | D        | Reached skill level 20 in Spellcasting
  1569 | D        | Killed a deep elf pyromancer
  1694 | D        | Noticed a deep elf annihilator
  1700 | D        | Identified the ring "Ilylub" {MP-9 EV+4 Dex+2 Stlth+}
  1700 | D        | Noticed a deep elf death mage
  1701 | D        | Killed a deep elf annihilator
  1701 | D        | Offered knowledge of Lightning Bolt by Vehumet.
  1702 | D        | Reached skill level 21 in Spellcasting
  1702 | D        | Reached XP level 11. HP: 57/57 MP: 32/38
  1704 | D        | Identified the ring "Batil" {rElec rF+ Dex+6}
  1704 | D        | Noticed a deep elf annihilator
  1705 | D        | Killed a deep elf death mage
  1707 | D        | Noticed a deep elf master archer
  1802 | D        | Identified the ring "Xaeph" {Fire Str+8 Dex-4 Slay+3}
  1802 | D        | Noticed a deep elf high priest
  1803 | D        | Noticed a deep elf demonologist
  1804 | D        | Killed a deep elf demonologist
  1807 | D        | Killed a deep elf high priest
  1808 | D        | Reached skill level 22 in Spellcasting
  2125 | D        | Noticed a deep elf annihilator
  2136 | D        | Killed a deep elf annihilator
  2171 | D        | Killed a deep elf annihilator
  2172 | D        | Killed a deep elf master archer
  2173 | D        | Reached skill level 23 in Spellcasting
  2374 | D        | Noticed Harold
  2374 | D        | Noticed Joseph
  2379 | D        | Killed Harold
  2380 | D        | Killed Joseph
  2381 | D        | Reached skill level 24 in Spellcasting
  2381 | D        | Reached skill level 1 in Ice Magic
  2381 | D        | Reached XP level 12. HP: 64/64 MP: 29/42
  2478 | D        | Offered knowledge of Ozocubu's Refrigeration by Vehumet.
  2529 | D        | Reached skill level 1 in Poison Magic
  2682 | D        | Noticed Urug
  2688 | D        | Mangled by Urug

Illustrated notes

Levels and vault maps discovered:
D:        dungeon_sprint_mu [sprint_mu_entry_forest, sprint_mu_temple_rooms,
          sprint_mu_d1_spiders, sprint_mu_d2_genie, sprint_mu_d3_branching,
          sprint_mu_orc_legion, sprint_mu_elf_gauntlet, sprint_mu_hive_nellie,
          sprint_mu_lair_fedhas, sprint_mu_vaults_butterflies,
          sprint_mu_slime_circle, sprint_mu_swamp_cave, sprint_mu_snake_twists,
          sprint_mu_blade_basic, sprint_mu_crypt_fortress,
          sprint_mu_tomb_spiral, sprint_mu_vestibule_basic,
          sprint_mu_gehenna_hellfire, sprint_mu_dis_giant,
          sprint_mu_tartarus_statrot, sprint_mu_cocytus_islands, sprint_mu_zot1]

Skill      XL: |  1  2  3  4  5  6  7  8  9 10 11 12 |
---------------+-------------------------------------+-----
Earth Magic    | 5 7 8 10 12 13 15 17 18 21 | 21.5
Dodging        | 3 4 5 |  5.5
Spellcasting   | 5 6 8 10 12 13 16 18 21 24 | 24.7
Stealth        | 3 4 5 6 |  6.9
Transmutations | 2 3 |  3.6
Fighting       | 1 2 |  2.4
Conjurations   | 1 3 |  3.7
Ice Magic      | 1 |  1.1
Poison Magic   | 1 |  1.0
Long Blades    | |  0.2
Air Magic      | |  0.6

Action                   |  1- 3 |  4- 6 |  7- 9 | 10-12 || total
-------------------------+-------+-------+-------+-------++-------
Melee: Long sword        |       |       |     1 |       ||     1
 Cast: Sandblast         |    14 |     2 |       |     1 ||    17
       Lee's Rapid Decon |       |     5 |    26 |    46 ||    77
       Petrify           |       |     1 |       |     4 ||     5
       Stone Arrow       |       |       |     7 |    11 ||    18
       Passwall          |       |       |       |     1 ||     1
       Mephitic Cloud    |       |       |       |     1 ||     1
       Ice Form          |       |       |       |     1 ||     1
  Use: Potion            |     1 |     2 |     1 |     3 ||     7
       Scroll            |       |       |       |     5 ||     5
 Stab: Sleeping          |       |       |     1 |       ||     1
Dodge: Dodged            |     1 |     1 |     5 |     5 ||    12

Table legend: (Time is in decaauts)
 A = Elapsed time spent in this place.
 B = Non-inter-level travel time spent in this place.
 C = Inter-level travel time spent in this place.
 D = Time resting spent in this place.
 E = Time spent auto-exploring this place.
 F = Levels seen in this place.
 G = Mean time per level.
                   A        B        C        D        E       F      G
               +--------+--------+--------+--------+--------+-----+--------+
         Total |   2686 |   2686 |      0 |   1861 |      6 |   1 | 2686.0 |
       Dungeon |   2686 |   2686 |      0 |   1861 |      6 |   1 | 2686.0 |
               +--------+--------+--------+--------+--------+-----+--------+

Top non-repeatable levels by time:
       D: 2686 daAuts
